 Dungeon Crawl Stone Soup version 0.30-a0-170-g85af917532 (webtiles) character file.

Game seed: 6300499016236442823

166 qw the Chopper (level 5, 0/32 HPs)
             Began as a Gargoyle Fighter on Sept 30, 2022.
             Slain by a gnoll
             ... wielding a +0 spear
              (5 damage)
             ... on level 3 of the Dungeon.
             The game lasted 00:00:52 (2312 turns).

qw the Chopper (Gargoyle Fighter)                   Turns: 2312, Time: 00:00:53

Health: 0/32       AC: 16    Str: 22    XL:     5   Next: 47%
Magic:  5/5        EV:  9    Int:  8    God:
Gold:   166        SH:  4    Dex:  9    Spells: 4/4 levels left

rFire   . . .      SeeInvis .    Y - +0 war axe
rCold   . . .      Faith    .    c - +0 buckler
rNeg    + . .      Spirit   .    n - +2 scale mail {rPois}
rPois   inf        Reflect  .    l - +0 helmet
rElec   +          Harm     .    (no cloak)
rCorr   .          Rampage  .    i - +1 pair of gloves
Will    .....                    (no boots)
Stlth   ..........               (no amulet)
HPRegen 0.10/turn                (no ring)
MPRegen 0.09/turn                (no ring)

@: no status effects
A: sickness immunity, AC +4, negative energy resistance 1, electricity
resistance, torment resistance 1, petrification resistance
a: no special abilities


You were on level 3 of the Dungeon.
You visited 1 branch of the dungeon, and saw 3 of its levels.

You collected 166 gold pieces.


Innate Abilities, Weirdness & Mutations

You are immune to sickness and miasma.
Your stone body is resilient. (AC +4)
You are immune to poison.
You resist negative energy. (rN+)
You are resistant to electric shocks. (rElec)
You are resistant to unholy torment.
You are immune to petrification.


   Skills:
 + Level 3.2 Fighting
 - Level 5.0 Axes
 - Level 3.2 Armour
 - Level 3.2 Shields


You had 4 spell levels left.
You didn't know any spells.
Your spell library was empty.

Inventory:

Hand Weapons
 m - a +0 flail
 Y - a +0 war axe (weapon)
Missiles
 j - 5 boomerangs (quivered)
Armour
 a - the +3 chain mail "Xaafyaw" {Harm}
   (You acquired it on level 2 of the Dungeon)

   Harm:      It increases damage dealt and taken.
 c - a +0 buckler (worn)
 i - a +1 pair of gloves (worn)
 l - a +0 helmet (worn)
 n - a +2 scale mail of poison resistance (worn)
Scrolls
 f - a scroll of identify
Potions
 b - a potion of berserk rage {unknown}
 d - a potion of might
 k - a potion of magic {unknown}
 o - 2 potions of resistance {unknown}
 p - a potion of invisibility {unknown}
 r - 2 potions of curing {unknown}

Dungeon Overview and Level Annotations

Branches:
Dungeon (3/15)

Altars:

Shops:
D:1 ([


Message History

The orc wizard casts a spell.
The orc wizard flickers and vanishes!
Deactivating autopickup; reactivate with Ctrl-A.
The gnoll hits you with a +0 whip.
You're too confused to move!
The gnoll hits you but does no damage. x2
Something hits you but does no damage. The gnoll barely misses you.
You bump into the rock wall.
The gnoll hits you with a +0 flail. The gnoll hits you but does no damage.
Something hits you but does no damage. The gnoll hits you but does no damage.
You miss the gnoll.
The gnoll is severely wounded.
You hit something. You miss the gnoll.
You feel less confused.
The gnoll hits you from afar with a +0 spear.
The gnoll hits you with a +0 flail.
You hear some strange, mumbled words.
A magic dart appears from out of thin air!
The magic dart hits you. The gnoll closely misses you.
You slash the gnoll!
You kill the gnoll!
You hit something.
Reactivating autopickup.
You feel a bit more experienced.
You barely miss the gnoll. The gnoll closely misses you.
The gnoll barely misses you.
Your Axes skill increases to level 5!
You closely miss the gnoll. You barely miss the gnoll.
The gnoll hits you but does no damage. The gnoll closely misses you.
The gnoll misses you.
The gnoll hits you but does no damage. x2
The gnoll barely misses you.
You hit the gnoll.
The gnoll is lightly wounded.
You slash the gnoll! The gnoll barely misses you.
The gnoll hits you but does no damage. The gnoll hits you with a +0 flail.
You closely miss the gnoll.
The gnoll is severely wounded.
You barely miss the gnoll.
The gnoll hits you from afar with a +0 spear.
You die...

.#.g .g. g..
#.. ## #.#
.###..#.#
#...#.#.###
#.....g@#
##.~~gg)#
#..~~..#
####...~~.#
......~~..##
#####...~~..#
#...........#
#.##........#
#.###########


You could see 3 gnolls.

Vanquished Creatures
  Terence (D:2)
  An orc wizard (D:3)
  5 gnolls
  2 worms (D:2)
  4 dart slugs
  8 endoplasms
  2 giant cockroaches (D:1)
  3 goblins (D:1)
  5 hobgoblins
  2 jackals (D:2)
  A quokka (D:2)
  7 ball pythons
  2 bats (D:1)
  A frilled lizard (D:1)
  6 kobolds
  3 rats
53 creatures vanquished.

Notes
Turn   | Place    | Note
-------+----------+-------------------------------------------
     0 | D:1      | qw the Gargoyle Fighter began the quest for the Orb.
     0 | D:1      | Reached XP level 1. HP: 14/14 MP: 1/1
     0 | D:1      | 0 ||| qw: Version: 0.2-a-12-gaebbb33
     0 | D:1      | 0 ||| qw: Game counter: 1511
     0 | D:1      | 0 ||| qw: Always use a shield: true
     0 | D:1      | 0 ||| qw: God list: Okawaru
     0 | D:1      | 0 ||| qw: Allow faded altars: false
     0 | D:1      | 0 ||| qw: Do Orc after D:15 true
     0 | D:1      | 0 ||| qw: Do second Lair branch before Depths: true
     0 | D:1      | 0 ||| qw: Lair rune preference: random
     0 | D:1      | 0 ||| qw: Plans: Normal, Zot:1-4, God:TSO, Crypt, Tomb,
                  | Pan, Slime:5, Hells, Abyss, Orb
     0 | D:1      | 0 ||| PLANNING D:1-11
    54 | D:1      | Reached skill level 2 in Axes
   100 | D:1      | Found a faded altar of an unknown god.
   110 | D:1      | Reached XP level 2. HP: 17/19 MP: 2/2
   168 | D:1      | 168 ||| DROPPING +0 club.
   244 | D:1      | Found Ruwn's Antique Armour Emporium.
   254 | D:1      | 254 ||| SHOPLISTING cloak (90 gold, have 18).
   254 | D:1      | 254 ||| SHOPLISTING crystal plate armour (1600 gold, have
                  | 18).
   254 | D:1      | 254 ||| SHOPLISTING faintly humming cloak (190 gold, have
                  | 18).
   254 | D:1      | 254 ||| SHOPLISTING runed scarf (160 gold, have 18).
   254 | D:1      | 254 ||| SHOPLISTING twisted leather armour (140 gold, have
                  | 18).
   518 | D:1      | Reached skill level 3 in Axes
   526 | D:1      | Found Ischilan's Weapon Emporium.
   532 | D:1      | Reached XP level 3. HP: 23/23 MP: 3/3
   836 | D:1      | 836 ||| Stepping ~*~*~tactically~*~*~ (hiding).
   839 | D:1      | 839 ||| Stepping ~*~*~tactically~*~*~ (hiding).
   846 | D:1      | 846 ||| Stepping ~*~*~tactically~*~*~ (stealth).
   853 | D:1      | 853 ||| Stepping ~*~*~tactically~*~*~ (stealth).
   860 | D:1      | 860 ||| Stepping ~*~*~tactically~*~*~ (stealth).
   861 | D:1      | 861 ||| Stepping ~*~*~tactically~*~*~ (stealth).
   862 | D:1      | 862 ||| Stepping ~*~*~tactically~*~*~ (stealth).
   893 | D:1      | 893 ||| UPGRADING to +0 pair of gloves.
   898 | D:1      | 898 ||| READING scroll labelled QAUNUS XEGIDOA.
   899 | D:1      | 899 ||| READING 3 scrolls labelled ITUNEK IXKUS.
   900 | D:1      | 900 ||| READING scroll labelled MOEPLO DUNGI.
   901 | D:1      | 901 ||| READING scroll labelled MIXZUR CIMAUB.
   902 | D:1      | 902 ||| READING 2 scrolls of identify.
   902 | D:1      | 902 ||| IDENTIFYING metallic pink potion
   903 | D:1      | 903 ||| DROPPING potion of degeneration.
  1024 | D:2      | 1024 ||| Stepping ~*~*~tactically~*~*~ (hiding).
  1164 | D:2      | Noticed Terence
  1172 | D:2      | HP: 5/23 [Terence/+0 flail (2)]
  1176 | D:2      | HP: 2/23 [Terence/+0 flail (2)]
  1177 | D:2      | Killed Terence
  1178 | D:2      | Reached XP level 4. HP: 2/28 MP: 4/4
  1461 | D:2      | 1461 ||| DROPPING +0 whip.
  1519 | D:2      | Reached skill level 4 in Axes
  1577 | D:2      | 1577 ||| READING scroll of enchant armour.
  1577 | D:2      | 1577 ||| ENCHANTING +0 pair of gloves.
  1692 | D:2      | 1692 ||| Stepping ~*~*~tactically~*~*~ (stealth).
  1696 | D:2      | 1696 ||| Stepping ~*~*~tactically~*~*~ (stealth).
  1748 | D:2      | 1748 ||| Stepping ~*~*~tactically~*~*~ (hiding).
  1765 | D:2      | 1765 ||| Stepping ~*~*~tactically~*~*~ (hiding).
  1774 | D:2      | Reached XP level 5. HP: 22/32 MP: 5/5
  1901 | D:2      | 1901 ||| Stepping ~*~*~tactically~*~*~ (stealth).
  1902 | D:2      | 1902 ||| Stepping ~*~*~tactically~*~*~ (stealth).
  1924 | D:2      | 1924 ||| Stepping ~*~*~tactically~*~*~ (stealth).
  2186 | D:2      | 2186 ||| UPGRADING to +0 helmet.
  2191 | D:2      | 2191 ||| UPGRADING to +2 scale mail of poison resistance.
  2201 | D:2      | 2201 ||| DROPPING +0 scale mail.
  2202 | D:2      | 2202 ||| READING scroll labelled DIHIWU HULOTE.
  2206 | D:2      | 2206 ||| READING scroll labelled EQED IMYHI.
  2206 | D:2      | Identified a scroll of acquirement
  2206 | D:2      | 2206 ||| ACQUIRING +3 chain mail "Xaafyaw" {Harm}
  2206 | D:2      | Acquired the +3 chain mail "Xaafyaw" {Harm}
  2208 | D:2      | 2208 ||| READING 2 scrolls labelled XEWNEAM ICEBLUNESH.
  2209 | D:2      | 2209 ||| READING scroll labelled NEECO YXKAXT.
  2210 | D:2      | 2210 ||| READING scroll labelled RYCAV HENEGIO.
  2211 | D:2      | 2211 ||| DROPPING scroll of magic mapping.
  2278 | D:3      | 2278 ||| Stepping ~*~*~tactically~*~*~ (stealth).
  2293 | D:3      | 2293 ||| FLEEEEING.
  2296 | D:3      | 2296 ||| Stepping ~*~*~tactically~*~*~ (stealth).
  2308 | D:3      | HP: 7/32 [gnoll/+0 flail (4)]
  2310 | D:3      | Reached skill level 5 in Axes
  2312 | D:3      | Slain by a gnoll

Levels and vault maps discovered:
D:1:      dpeg_arrival_central, layout_loops_ring,
          hellmonk_ecumenical_altar_zigzags, serial_shops,
          nicolae_lakefront_shop, nicolae_shop_bloodbath_and_beyond,
          minmay_tromino_v4_b
D:2:      layout_basic, uniq_terence
D:3:      wad_lake_hut, layout_loops_ring, serial_shops,
          nicolae_shop_behind_doors, dk_vineyard_3, grunt_decor_resistance,
          kennysheep_decorative_pillar, uniq_jessica, uniq_grinder

Skill      XL: |  1  2  3  4  5 |
---------------+----------------+-----
Axes           | 2 3 4 5 |  5.0
Fighting       | |  3.2
Armour         | |  3.2
Shields        | |  3.2

Action                   |  1- 3 |  4- 6 || total
-------------------------+-------+-------++-------
Melee: War axe           |    66 |    54 ||   120
Throw: Boomerang         |    12 |    27 ||    39
  Use: Scroll            |     5 |     6 ||    11
Armor: Scale mail        |    35 |    68 ||   103
Dodge: Dodged            |    18 |    27 ||    45
Block: Buckler           |    10 |     6 ||    16

Table legend:
 A = Non-vault XP
 B = Vault XP
 C = Vault XP percentage of total XP
 D = Non-vault monster count
 E = Vault monster count
 F = Vault count percentage of total count
                 A         B        C        D         E       F
            +---------+---------+-------+---------+---------+-------
      Total |     196 |      42 |  17.6 |      50 |       3 |   5.7
            +---------+---------+-------+---------+---------+-------
        D:1 |      44 |       6 |  12.0 |      25 |       2 |   7.4
        D:2 |     102 |      36 |  26.1 |      23 |       1 |   4.2
        D:3 |      50 |       0 |   0.0 |       2 |       0 |   0.0
            +---------+---------+-------+---------+---------+-------
